Map: Abyssal Reef LE

Players

alpha - Winner!

  • Race: Protoss Protoss
  • League: Diamond
  • Spawn Location: 11:00

Musumeci

  • Race: Zerg Zerg
  • League: Diamond
  • Spawn Location: 5:00

VOD

Have the link to the VOD?

Description

Time

  • Played on: Feb. 15, 2017, 4:52 a.m.
  • Length: 6:12
Show
View Real Time Build Order
Export as new Build Order

alpha Protoss - Winner!

Build Orders:  

Get SALT Encoding   

  12  0:01  Probe (Chrono Boost)  
  13  0:11  Probe (Chrono Boost)  
  14  0:24  Pylon  
  14  0:29  Probe (Chrono Boost)  
  14  0:33  Assimilator  
  15  0:42  Probe (Chrono Boost)  
  16  0:45  Gateway  
  16  0:53  Probe (Chrono Boost)  
  17  1:03  Forge  
  17  1:06  Probe (Chrono Boost)  
  18  1:16  Probe (Chrono Boost)  
  19  1:27  Probe (Chrono Boost)  
  20  1:37  Probe (Chrono Boost)  
  21  1:42  Zealot  
  23  1:51  Pylon  
  23  2:00  Photon Cannon  
  23  2:10  Probe (Chrono Boost)  
  24  2:20  Probe (Chrono Boost)  
  27  2:35  Cybernetics Core  
  27  2:50  Zealot  
  27  2:54  Pylon  
  27  3:02  Pylon  
  28  3:15  Mothership Core (Chrono Boost)  
  28  3:18  Adept  
  29  3:33  Assimilator, Probe (Chrono Boost)  
  30  3:44  Probe (Chrono Boost)  
  30  3:45  Adept  
  33  3:53  Photon Cannon  
  33  3:56  Stargate, Probe (Chrono Boost)  
  33  4:01  Pylon  
  34  4:28  Photon Cannon  
  34  4:30  Probe (Chrono Boost)  
  35  4:32  Photon Cannon  
  35  4:40  Oracle  
  38  4:51  Probe (Chrono Boost)  
  39  4:57  Gateway  
  39  5:03  Probe (Chrono Boost)  
  40  5:24  Gateway  
  40  5:29  Pylon  
  40  5:35  Nexus  
  40  5:38  Pylon  
  40  5:59  Pylon  
Show
View Real Time Build Order
Export as new Build Order

Musumeci Zerg 

Build Orders: Pool First 

Get SALT Encoding   

  12  0:01  Drone  
  13  0:14  Drone, Extractor  
  13  0:16  Drone  
  15  0:33  Spawning Pool  
  14  0:46  Extractor  
  14  0:47  Drone  
  14  0:48  Overlord  
  15  1:12  Hatchery  
  14  1:20  Zergling x4  
  14  1:23  Zergling x2  
  17  1:44  Hatchery  
  17  1:48  Zergling x2  
  17  1:49  Zergling x2  
  19  2:05  Hatchery  
  18  2:09  Zergling x2  
  18  2:10  Zergling x2  
  20  2:35  Hatchery  
  16  2:56  Zergling x2  
  16  2:57  Zergling x4  
  18  3:18  Zergling x2  
  19  3:34  Zergling x6  
  21  3:46  Queen  
  21  3:47  Zergling x2  
  23  4:01  Queen  
  25  4:03  Extractor  
  25  4:06  Zergling x2  
  25  4:10  Hatchery  
  21  4:18  Overlord  
  18  4:39  Drone x3  
  19  5:17  Hatchery  
  18  5:30  Drone x6  
  24  5:37  Roach Warren  
  24  5:40  Extractor  
  22  5:48  Spore Crawler  
Tags
 
Matchup
PvZ
Opening
Pool First
Replay Pack
replay pack
Spawn Locations
Cross Positions
Add a new tag
Caveats
  • Supply blocks, unpowered buildings, or Contaminate may cause inaccurate times.
  • Supply counts are checked every 10 seconds.